 Dungeon Crawl Stone Soup version 0.24-b1 (webtiles) character file.

Game seed: 13817873303256333556, levelgen mode: deterministic

1306 Kohma the Insei (level 8, 0/53 HPs)
             Began as an Octopode Transmuter on Oct 12, 2019.
             Was a Follower of Sif Muna.
             Slain by an orc
             ... wielding a +0 flail
              (3 damage)
             ... on level 6 of the Dungeon.
             The game lasted 00:14:16 (5296 turns).

Kohma the Insei (Octopode Transmuter)               Turns: 5296, Time: 00:14:16

Health: 0/53       AC:  2    Str: 14    XL:     8   Next: 57%
Magic:  9/12       EV: 20    Int: 15    God:    Sif Muna [*.....]
Gold:   215        SH:  0    Dex: 19    Spells: 7/13 levels left

rFire    . . .     SeeInvis .     - Unarmed
rCold    . . .     Gourm    .   (shield currently unavailable)
rNeg     + . .     Faith    .   (helmet currently unavailable)
rPois    x         Spirit   .   (no amulet)
rElec    .         Reflect  .   l - +4 ring of strength
rCorr    .         Harm     .   w - ring of positive energy
MR       .....                  (no ring)
Stlth    +++.......             (no ring)
HPRegen  0.17/turn              (no ring)
MPRegen  0.13/turn              (no ring)
                                (no ring)
                                (no ring)

@: spider-form
A: tiny, almost no armour, stealthy swim, (amphibious), 8 rings, (constrict 8)
a: End Transformation, Channel Magic, Renounce Religion


You were on level 6 of the Dungeon.
You worshipped Sif Muna.
Sif Muna was aware of your devotion.
You were not hungry.
You were a venomous arachnid creature.
You visited 2 branches of the dungeon, and saw 7 of its levels.

You collected 215 gold pieces.

Inventory:

Missiles
 a - 128 arrows
 f - 34 poisoned darts (quivered)
Jewellery
 e - a +3 amulet of reflection
 l - a +4 ring of strength (left front leg)
 w - a ring of positive energy (right front leg)
Wands
 h - a wand of acid (6)
 u - a wand of enslavement (7)
Scrolls
 j - a scroll of amnesia
 p - a scroll of fear
 q - 4 scrolls of teleportation
 t - 3 scrolls of enchant armour
Potions
 d - 4 potions of heal wounds
 i - 2 potions of flight
 m - 2 potions of haste
 n - 2 potions of berserk rage {unknown}
 o - a potion of agility {unknown}
 v - 2 potions of lignification {unknown}
Comestibles
 c - 11 rations


   Skills:
 + Level 3.6 Fighting
 - Level 2.0 Dodging
 + Level 4.9 Stealth
 * Level 7.2 Unarmed Combat
 - Level 3.0 Spellcasting
 - Level 4.0 Transmutations
 - Level 4.0 Poison Magic


You had 7 spell levels left.
You knew the following spells:

 Your Spells              Type           Power        Failure   Level  Hunger
a - Beastly Appendage     Tmut           ##....       12%         1    #......
b - Sticks to Snakes      Tmut           ##......     17%         2    ##.....
c - Spider Form           Tmut/Pois      ##........   28%         3    ###....

Your spell library contained the following spells:

 Spells                   Type           Power        Failure   Level  Hunger
 Corona                   Hex            #......      41%         1    #......
 Ensorcelled Hibernation  Hex/Ice        #.....       52%         2    ##.....
 Confuse                  Hex            #.......     73%         3    ###....
 Dazzling Spray           Conj/Hex       #.....       73%         3    ###....
 Tukima's Dance           Hex            #.......     73%         3    ###....
 Ice Form                 Ice/Tmut       #.......     83%         4    #####..
 Blade Hands              Tmut           ##........   87%         5    ######.


Dungeon Overview and Level Annotations

Branches:
Dungeon (6/15)             Temple (1/1) D:4

Altars:
Ashenzari
Cheibriados
Dithmenos
Elyvilon
Fedhas
Gozag
Hepliaklqana
Kikubaaqudgha
Nemelex Xobeh
Okawaru
Qazlal
Ru
Sif Muna
Trog
Uskayaw
Wu Jian
Xom
Yredelemnul
Zin
The Shining One

Shops:
D:5 (


Innate Abilities, Weirdness & Mutations

You cannot wear most types of armour.
You are very stealthy in the water. (Stealth+)
((You are amphibious.))
You can wear up to eight rings at the same time.
((You can use your tentacles to constrict eight enemies at once.))
((Your skin changes colour to match your surroundings (Stealth+).))
((Your rubbery body absorbs attacks. (AC +1, EV +1)))


Message History

The orc shouts!
You hit the orc.
You kill the orc!
Sif Muna accepts your kill.
The orc warrior throws a boomerang.
The boomerang hits you!
The weapon returns to the orc warrior!
A hound comes into view.
Items here: % ) [ † a +0 war axe; a +0 leather armour; a ration; an orc corpse The orc warrior barely misses you.
You bite the orc warrior!
The orc warrior is poisoned.
The orc warrior is moderately wounded.
The orc misses you. The orc warrior barely misses you.
You closely miss the orc. The orc misses you.
The orc warrior hits you with a +0 war axe!!
* * * LOW HITPOINT WARNING * * *
You hit the orc.
The orc is poisoned.
The orc is lightly wounded.
The orc hits you with a +0 flail.
You die...

.#. ... .. ... #. ..
#.# #$# #####.. ..##
......h##...#
.....ooo.#..#####
#s......... #.).......#
###....##. #....#
##...# ######...###
...........##.#
###.#..........)
##########.#...##......


You could see an orc warrior, a hound and 2 orcs.

Vanquished Creatures
  Sigmund (D:5)
  An ice beast (D:6)
  5 ogres
  A centaur (D:6)
  A bullfrog (D:6)
  A crimson imp (D:5)
  2 hounds (D:5)
  An orc wizard (D:4)
  3 jellies
  An iguana (D:5)
  Terence (D:2)
  3 worker ants
  A hound skeleton (D:4)
  A howler monkey zombie (D:6)
  3 adders
  4 gnolls (D:5)
  A shadow imp (D:5)
  An ooze (D:1)
  An adder skeleton (D:5)
  A worm (D:4)
  6 leopard geckos
  4 orcs
  9 bats
  5 giant cockroaches
  6 goblins
  4 hobgoblins
  3 jackals
  A quokka (D:2)
  4 frilled lizards
  6 kobolds
  A quokka skeleton (D:4)
  A rat (D:1)
84 creatures vanquished.

Notes
Turn   | Place    | Note
-------+----------+-------------------------------------------
     0 | D:1      | Kohma the Octopode Transmuter began the quest for the Orb.
     0 | D:1      | Reached XP level 1. HP: 13/13 MP: 3/3
   103 | D:1      | Reached XP level 2. HP: 1/18 MP: 3/5
   734 | D:1      | Reached skill level 4 in Unarmed Combat
   808 | D:1      | Reached XP level 3. HP: 22/23 MP: 6/6
  1327 | D:2      | Noticed Terence
  1341 | D:2      | Killed Terence
  1341 | D:2      | Reached skill level 5 in Unarmed Combat
  1341 | D:2      | Reached XP level 4. HP: 25/28 MP: 5/7
  1345 | D:2      | Learned a level 2 spell: Sticks to Snakes
  1349 | D:2      | Learned a level 3 spell: Spider Form
  2698 | D:4      | Noticed an ogre
  2712 | D:4      | Killed an ogre
  2712 | D:4      | Reached XP level 5. HP: 33/33 MP: 1/8
  3077 | D:4      | Reached XP level 6. HP: 38/38 MP: 7/9
  3105 | D:4      | Found a staircase to the Ecumenical Temple.
  3176 | Temple   | Entered the Ecumenical Temple
  3511 | Temple   | Became a worshipper of Sif Muna the Loreminder
  3793 | D:4      | Reached XP level 7. HP: 43/43 MP: 8/11
  4113 | D:5      | Entered Level 5 of the Dungeon
  4122 | D:5      | Found Eskom's Weapon Emporium.
  4174 | D:5      | Reached skill level 1 in Stealth
  4230 | D:5      | Found a sacrificial altar of Ru.
  4476 | D:5      | Reached skill level 6 in Unarmed Combat
  4530 | D:5      | Noticed Sigmund
  4538 | D:5      | Killed Sigmund
  4538 | D:5      | Reached XP level 8. HP: 51/51 MP: 8/12
  4646 | D:5      | Found a shadowy altar of Dithmenos.
  4739 | D:5      | Reached * piety under Sif Muna
  5086 | D:6      | Found a shattered altar of Ashenzari.
  5087 | D:6      | Found a blossoming altar of Fedhas.
  5088 | D:6      | Found a hide-covered altar of Uskayaw.
  5098 | D:6      | Reached skill level 7 in Unarmed Combat
  5296 | D:6      | Slain by an orc

Skill      XL: |  1  2  3  4  5  6  7  8 |
---------------+-------------------------+-----
Unarmed Combat | 4 5 6 7 |  7.2
Poison Magic   | 2 4 |  4.0
Transmutations | 3 4 |  4.0
Spellcasting   | 3 |  3.0
Stealth        | 3 4 |  4.9
Fighting       | 2 3 |  3.6
Dodging        | |  2.0

Action                   |  1- 3 |  4- 6 |  7- 9 || total
-------------------------+-------+-------+-------++-------
Melee: Unarmed           |    69 |    88 |    77 ||   234
       Constrict         |    23 |    13 |     8 ||    44
       Kick              |    13 |    13 |     8 ||    34
       Tentacles         |     7 |     6 |     6 ||    19
       Punch             |     1 |     4 |     3 ||     8
Throw: Stone             |    11 |     2 |       ||    13
       Dart              |       |     2 |       ||     2
 Cast: Beastly Appendage |    22 |    15 |     8 ||    45
       Sticks to Snakes  |       |     2 |       ||     2
       Spider Form       |       |     3 |     9 ||    12
  Use: Scroll            |       |    11 |     6 ||    17
 Stab: Sleeping          |     5 |     2 |     5 ||    12
       Distracted        |       |     1 |       ||     1
  Eat: Chunk             |     1 |     9 |     6 ||    16
Armor: Skin              |     8 |    10 |     3 ||    21
Dodge: Dodged            |    56 |    80 |    48 ||   184
